 Dungeon Crawl Stone Soup version 0.18-a0-1577-gf591c28 (webtiles) character file.

45 Ijustatesigmund the Insei (level 3, -4/25 HPs)
             Began as an Octopode Transmuter on Mar 19, 2016.
             Slain by Terence
             ... wielding a +0 mace
              (5 damage)
             ... on level 2 of the Dungeon.
             The game lasted 00:03:03 (1047 turns).

Ijustatesigmund the Insei (Octopode Transmuter)     Turns: 1047, Time: 00:03:04

Health: -4/25      AC:  1    Str: 10    XL:     3   Next: 64%
Magic:  5/6        EV: 18    Int: 15    God:
Gold:   81         SH:  0    Dex: 12    Spells: 3 memorised, 0 levels left

rFire  . . .     SeeInvis .       - Unarmed
rCold  . . .     Gourm    .     (no shield)
rNeg   + . .     Faith    .     (helmet restricted)
rPois  .         Spirit   .     (no amulet)
rElec  .         Dismiss  .     h - +3 ring of evasion
rCorr  .         Reflect  .     i - +3 ring of evasion
SustAt .         Harm     .     k - ring of positive energy
MR     .....                    (no ring)
Stlth  ++........               (no ring)
                                (no ring)
                                (no ring)
                                (no ring)

@: about to teleport, appendage, not resistant to hostile enchantments,
unstealthy
A: almost no armour, amphibious, 8 rings, constrict 8, tentacle spike 3,
camouflage 1, gelatinous body 1
a: End Transformation


You were on level 2 of the Dungeon.
You were hungry.
One of your tentacles had a temporary spike.
You visited 1 branch of the dungeon, and saw 2 of its levels.

You collected 81 gold pieces.

Inventory:

Missiles
 a - 12 arrows
Jewellery
 h - a +3 ring of evasion (left tentacle)
 i - a +3 ring of evasion (right tentacle)
 k - a ring of positive energy (on tentacle)
Scrolls
 l - a scroll of teleportation
 n - 2 scrolls of remove curse
 q - a scroll of recharging {unknown}
Potions
 d - a potion of cure mutation
 e - a potion of degeneration {unknown}
 g - a potion of haste {unknown}
 j - a potion of invisibility {unknown}
 m - 2 potions of agility {unknown}
 o - a potion of curing {unknown}
 r - 2 potions of lignification {unknown}
Books
 b - a book of Changes

   Spells                             Type                      Level
   a - Beastly Appendage              Transmutation                1
   b - Sticks to Snakes               Transmutation                2
   c - Spider Form                    Transmutation/Poison         3
   d - Ice Form                       Ice/Transmutation            4
   e - Blade Hands                    Transmutation                5
Comestibles
 c - a bread ration
 f - 3 beef jerkies
 p - 3 fruits


   Skills:
 + Level 2.6 Fighting
 - Level 2.0 Dodging
 + Level 3.6 Unarmed Combat
 - Level 2.0 Spellcasting
 - Level 2.0 Transmutations
 + Level 0.2 Poison Magic


You couldn't memorise any spells.
You knew the following spells:

 Your Spells              Type           Power        Failure   Level  Hunger
a - Beastly Appendage     Trmt           #.....       12%         1    #......
b - Sticks to Snakes      Trmt           #.......     14%         2    ###....
c - Spider Form           Trmt/Pois      #.........   43%         3    ###....


Dungeon Overview and Level Annotations

Branches:
Dungeon (2/15)

Altars:

Annotations:
D:2 Terence


Innate Abilities, Weirdness & Mutations

You cannot wear most types of armour.
You are amphibious.
You can wear up to eight rings at the same time.
You can use your tentacles to constrict eight enemies at once.
Your skin changes colour to match your surroundings (Stealth).
Your rubbery body absorbs attacks (AC +1).
One of your tentacles bears a large vicious spike.


Message History

You squeeze Terence, but do no damage.
Terence is moderately wounded.
You constrict Terence, but do no damage.
Terence hits you with a mace!
You tentacle-slap Terence but do no damage.
Terence is moderately wounded.
You constrict Terence, but do no damage.
You completely miss Terence.
Terence is moderately wounded.
You constrict Terence. Terence hits you with a mace!
* * * LOW HITPOINT WARNING * * *
Drink which item? (? for menu, Esc to quit)
Okay, then.
Read which item? (? for menu, Esc to quit)
Okay, then.
Read which item? (? for menu, Esc to quit)
As you read the scroll of teleportation, it crumbles to dust.
You feel strangely unstable.
You constrict Terence. Terence hits you with a mace.
You die...

#.#####.#
#######.#####.#
...........##.#
.....#..##.##.######
.##.
#..##.........#####
...
#........##.......#
..
#.#.#########.#.###.#
..##.#.##### #.# #
...........# #@#
.####......# #@#
#......# #.# .#
#......# #..
.####......# ###
....#......#
.#..####.###
.#..###...#
##..##..#..#


You could see Terence.

Vanquished Creatures
  An ooze (D:1)
  2 dart slugs (D:2)
  A giant gecko (D:2)
  7 bats
  8 goblins
  3 hobgoblins
  5 kobolds (D:1)
  4 giant newts
  5 rats
36 creatures vanquished.

Notes
Turn   | Place    | Note
--------------------------------------------------------------
     0 | D:1      | Ijustatesigmund the Octopode Transmuter began the quest for the Orb.
     0 | D:1      | Reached XP level 1. HP: 13/13 MP: 3/3
   129 | D:1      | Reached XP level 2. HP: 18/18 MP: 5/5
   133 | D:1      | Learned a level 2 spell: Sticks to Snakes
   521 | D:1      | Reached XP level 3. HP: 24/24 MP: 6/6
   713 | D:1      | Learned a level 3 spell: Spider Form
  1032 | D:2      | Noticed Terence
  1046 | D:2      | HP: 1/25 [Terence/mace (8)]
  1047 | D:2      | Slain by Terence

Vault maps used:
D:1:      dpeg_arrival_tiny_h
D:2:      uniq_terence

Skill      XL: |  1  2 |
---------------+-------+-----
Fighting       | 2 |  2.6
Dodging        | |  2.0
Unarmed Combat | |  3.6
Spellcasting   | |  2.0
Transmutations | |  2.0
Poison Magic   | |  0.2

Action                   || total
-------------------------++-------
Melee: Unarmed           ||    85
 Cast: Beastly Appendage ||     7
  Use: Scroll            ||     6
 Stab: Sleeping          ||     5
